 Dungeon Crawl Stone Soup version 0.21.1-1-g345015f (webtiles) character file.

11204 wojtek the Cleaver (level 11, -4/94 HPs)
             Began as a Minotaur Fighter on July 29, 2018.
             Was a Priest of Makhleb.
             Slain by a wolf spider simulacrum (9 damage)
             ... in an ice cave.
             The game lasted 00:20:31 (11958 turns).

wojtek the Cleaver (Minotaur Fighter)              Turns: 11958, Time: 00:20:33

Health: -4/94      AC: 15    Str: 29    XL:     11   Next: 46%
Magic:  15/15      EV:  9    Int:  5    God:    Makhleb [***...]
Gold:   482        SH: 12    Dex: 10    Spells: 10/10 levels left

rFire    . . .     SeeInvis .   a - +2 war axe (curse)
rCold    . . .     Gourm    .   c - +0 shield
rNeg     . . .     Faith    .   Q - +0 plate armour
rPois    +         Spirit   .   (helmet restricted)
rElec    .         Reflect  .   G - +0 cloak
rCorr    .         Harm     .   (no gloves)
MR       .....                  (no boots)
Stlth    ..........             t - amulet of regeneration
HPRegen  0.65/turn              V - +5 ring of strength
MPRegen  0.14/turn              X - ring of poison resistance

@: no status effects
A: retaliatory headbutt, horns 2
a: Minor Destruction, Lesser Servant of Makhleb, Renounce Religion


You were in an ice cave.
You worshipped Makhleb.
Makhleb was most pleased with you.
You were not hungry.

You visited 2 branches of the dungeon, and saw 12 of its levels.
You also visited: Ice Cave.

You collected 631 gold pieces.
You spent 149 gold pieces at shops.

Inventory:

Hand Weapons
 a - a cursed +2 war axe (weapon)
 s - a +2 hand axe of freezing
 F - a +1 hand axe of draining
Missiles
 I - 3 throwing nets (quivered)
Armour
 c - a +0 shield (worn)
 G - a +0 cloak (worn)
 Q - a +0 plate armour (worn)
Jewellery
 q - an uncursed ring of positive energy
 t - an amulet of regeneration (around neck)
 V - a +5 ring of strength (left hand)
 X - a ring of poison resistance (right hand)
Wands
 b - a wand of acid (22)
 r - a wand of clouds (12)
 E - a wand of flame (19)
 L - a wand of polymorph (16)
 O - a wand of paralysis (11)
 U - a wand of enslavement (7)
Scrolls
 h - 2 scrolls of magic mapping
 i - 11 scrolls of remove curse
 j - 5 scrolls of identify
 n - a scroll of blinking {unknown}
 A - 2 scrolls of teleportation
 J - 2 scrolls of fog
Potions
 d - 4 potions of might
 e - 4 potions of cancellation
 g - 3 potions of heal wounds
 l - 5 potions of curing
 p - 2 potions of haste
 u - 2 potions of agility
 v - a potion of magic {unknown}
 w - 4 potions of lignification {unknown}
 B - a potion of ambrosia {unknown}
 W - a potion of berserk rage {unknown}
Comestibles
 f - 22 rations
 z - 2 chunks of flesh


   Skills:
 + Level 8.0 Fighting
 * Level 12.3 Axes
 + Level 8.1 Armour
 + Level 6.5 Dodging
 + Level 8.0 Shields
 * Level 6.8 Invocations
 + Level 5.3 Evocations


You had 10 spell levels left.
You didn't know any spells.

Dungeon Overview and Level Annotations

Branches:
Dungeon (11/15)            Temple (1/1) D:7            Lair (0/6) D:11
    Orc (0/2) D:11

Altars:
Ashenzari
Cheibriados
Dithmenos
Elyvilon
Fedhas
Gozag
Hepliaklqana
Kikubaaqudgha
Makhleb
Nemelex Xobeh
Okawaru
Qazlal
Ru
Sif Muna
Trog
Uskayaw
Vehumet
Wu Jian
Xom
Yredelemnul
Zin
The Shining One

Shops:
D:4 (   D:6 :   D:10 ?


Innate Abilities, Weirdness & Mutations

You reflexively headbutt those who attack you in melee.
You have a pair of horns on your head.


Message History

You headbutt the wolf spider simulacrum!
The wolf spider simulacrum is almost destroyed.
You slice the wolf simulacrum!!
The wolf simulacrum vapourises!
Makhleb accepts your kill.
You feel better.
You hit the wolf spider simulacrum.
The wolf spider simulacrum closely misses you.
The wolf spider simulacrum bites you but does no damage.
The wolf spider simulacrum hits you!
* * * LOW HITPOINT WARNING * * *
The wolf spider simulacrum freezes you!
* * * LOW HITPOINT WARNING * * *
The wolf spider simulacrum bites you but does no damage.
You barely miss the wolf spider simulacrum.
The wolf spider simulacrum is almost destroyed.
You hit the wolf spider simulacrum. x2
The wolf spider simulacrum completely misses you.
The wolf spider simulacrum closely misses you.
The wolf spider simulacrum hits you!
You die...

#### ##
##..##
##..##....##
#.....Z....#
......Z@.∩.#
..##..Z....#
###....##
##..## ####


You could see 3 wolf spider simulacra.

Vanquished Creatures
  Harold (D:10)
  3 two-headed ogres
  The ghost of raikaria the Nimble, a novice GnGl of Ashenzari (D:9)
  Joseph (D:8)
  2 trolls
  4 hippogriffs
  A shadow (D:11)
  A yak (D:7)
  A human (D:7)
  3 hogs (D:7)
  A water moccasin (D:8)
  7 orc warriors
  A sky beast (D:9)
  2 black bears (D:7)
  2 phantoms
  A necrophage (D:5)
  A centaur (D:9)
  7 ogres
  A crocodile (D:7)
  A big kobold (D:7)
  5 bullfrogs
  2 scorpions
  9 killer bees
  6 wights
  5 howler monkeys
  4 crimson imps
  A centaur zombie (D:10)
  A bullfrog zombie (D:6)
  Crazy Yiuf (D:5)
  7 hounds
  3 jellies
  A centaur skeleton (D:3)
  A gnoll shaman (D:4)
  7 orc priests
  9 orc wizards
  3 bullfrog skeletons
  3 iguanas
  6 worker ants
  A wolf simulacrum (IceCv)
  A bullfrog simulacrum (D:11)
  A hound skeleton (D:4)
  A mummy (D:8)
  A howler monkey zombie (D:9)
  2 worker ant zombies
  8 gnolls
  9 adders
  A shadow imp (D:5)
  2 white imps (D:11)
  3 worms
  A dart slug (D:1)
  3 leopard geckos
  41 orcs
  2 ball pythons
  9 bats
  4 giant cockroaches
  4 goblins
  7 hobgoblins
  10 jackals
  5 quokkas
  6 frilled lizards
  7 kobolds
  2 leopard gecko skeletons (D:5)
  A quokka skeleton (D:9)
  A quokka zombie (D:6)
  11 rats
  A spectral orc (D:2)
  A fungus (D:5)
  A plant (D:2)
263 creatures vanquished.

Vanquished Creatures (collateral kills)
  The ghost of wojtek the Cleaver, a journeyman MiFi of Makhleb (D:10)
  A hippogriff (D:10)
2 creatures vanquished.

Grand Total: 265 creatures vanquished

Notes
Turn   | Place    | Note
-------+----------+-------------------------------------------
     0 | D:1      | wojtek the Minotaur Fighter began the quest for the Orb.
     0 | D:1      | Reached XP level 1. HP: 19/19 MP: 0/0
    32 | D:1      | Reached skill level 3 in Axes
    35 | D:1      | Reached XP level 2. HP: 25/26 MP: 1/1
   274 | D:1      | Reached skill level 4 in Axes
   487 | D:1      | Reached XP level 3. HP: 26/31 MP: 2/2
   848 | D:2      | Found a basalt altar of Yredelemnul.
  1257 | D:2      | Reached skill level 5 in Axes
  2112 | D:3      | Reached XP level 4. HP: 39/39 MP: 3/3
  2244 | D:3      | Found an iron altar of Okawaru.
  2379 | D:3      | Reached skill level 6 in Axes
  2630 | D:4      | Reached XP level 5. HP: 40/45 MP: 4/4
  2838 | D:4      | Reached skill level 7 in Axes
  2971 | D:4      | Found Eniesebi's Weapon Boutique.
  2977 | D:4      | Found an opulent altar of Gozag.
  2977 | D:4      | Found a white marble altar of Elyvilon.
  2979 | D:4      | Found a shimmering altar of Xom.
  2980 | D:4      | Found a glowing silver altar of Zin.
  2981 | D:4      | Found a shattered altar of Ashenzari.
  2981 | D:4      | Found a stormy altar of Qazlal.
  2982 | D:4      | Found a blossoming altar of Fedhas.
  3028 | D:4      | Found a sparkling altar of Nemelex Xobeh.
  3061 | D:4      | Reached XP level 6. HP: 46/51 MP: 5/5
  3445 | D:4      | Reached skill level 8 in Axes
  3445 | D:4      | Reached skill level 1 in Dodging
  3549 | D:4      | Reached skill level 1 in Evocations
  3688 | D:5      | Entered Level 5 of the Dungeon
  3722 | D:5      | Reached XP level 7. HP: 44/59 MP: 6/6
  4527 | D:5      | Found a runed door.
  4531 | D:5      | Noticed Crazy Yiuf
  4540 | D:5      | Killed Crazy Yiuf
  4804 | D:6      | Found Otrenyib's Book Emporium.
  5012 | D:6      | Reached skill level 9 in Axes
  5012 | D:6      | Reached XP level 8. HP: 33/67 MP: 8/8
  5015 | D:6      | Reached skill level 5 in Armour
  5191 | D:6      | Found a hazy altar of Hepliaklqana.
  5294 | D:6      | Reached skill level 5 in Fighting
  5938 | D:7      | Reached skill level 5 in Shields
  5953 | D:7      | Noticed a hippogriff
  5962 | D:7      | Killed a hippogriff
  6029 | D:7      | Found a staircase to the Ecumenical Temple.
  6040 | Temple   | Entered the Ecumenical Temple
  6200 | Temple   | Became a worshipper of Makhleb the Destroyer
  6254 | D:7      | Noticed a hippogriff
  6262 | D:7      | Killed a hippogriff
  6262 | D:7      | Reached skill level 1 in Invocations
  6407 | D:7      | Reached XP level 9. HP: 72/75 MP: 10/10
  6454 | D:7      | Reached skill level 10 in Axes
  7187 | D:7      | Reached * piety under Makhleb
  8120 | D:8      | Reached XP level 10. HP: 83/84 MP: 10/12
  8192 | D:8      | Found a snail-covered altar of Cheibriados.
  8218 | D:8      | Reached skill level 5 in Dodging
  8387 | D:8      | Found a radiant altar of Vehumet.
  8440 | D:8      | Noticed Joseph
  8455 | D:8      | Killed Joseph
  8455 | D:8      | Reached skill level 11 in Axes
  8589 | D:8      | Found a shadowy altar of Dithmenos.
  8677 | D:8      | Reached ** piety under Makhleb
  8930 | D:8      | Noticed a two-headed ogre
  8939 | D:8      | Killed a two-headed ogre
  8939 | D:8      | Reached skill level 5 in Invocations
  9196 | D:9      | Noticed raikaria's ghost (novice GnGl)
  9280 | D:9      | Killed raikaria's ghost
 10177 | D:10     | Entered Level 10 of the Dungeon
 10241 | D:10     | Noticed a two-headed ogre
 10248 | D:10     | Killed a two-headed ogre
 10248 | D:10     | Reached XP level 11. HP: 77/93 MP: 10/14
 10384 | D:10     | Reached *** piety under Makhleb
 10390 | D:10     | Reached skill level 5 in Evocations
 10470 | D:10     | Noticed wojtek's ghost (journeyman MiFi)
 10975 | D:10     | Killed wojtek's ghost
 10975 | D:10     | Reached skill level 12 in Axes
 11245 | D:10     | Noticed Harold
 11282 | D:10     | Killed Harold
 11477 | D:10     | Found Zoafeuz's Magic Scroll Boutique.
 11484 | D:10     | Bought a scroll of identify for 26 gold pieces
 11484 | D:10     | Bought a scroll of magic mapping for 45 gold pieces
 11493 | D:10     | Bought a scroll of identify for 26 gold pieces
 11493 | D:10     | Bought a scroll of identify for 26 gold pieces
 11497 | D:10     | Bought a scroll of identify for 26 gold pieces
 11640 | D:10     | Noticed a fire dragon
 11640 | D:10     | Noticed a six-headed hydra
 11816 | D:11     | Noticed a two-headed ogre
 11831 | D:11     | Killed a two-headed ogre
 11927 | D:11     | Found a frozen archway.
 11951 | IceCv    | Entered an ice cave
 11957 | IceCv    | HP: 4/94 [wolf spider simulacrum (17)]
 11958 | IceCv    | Slain by a wolf spider simulacrum

Skill      XL: |  1  2  3  4  5  6  7  8  9 10 11 |
---------------+----------------------------------+-----
Axes           | 3 4 5 6 7 8 9 10 11 12 | 12.3
Fighting       | 4 5 6 7 8 |  8.0
Armour         | 4 5 6 7 8 |  8.1
Dodging        | 1 2 3 4 6 |  6.5
Shields        | 4 5 6 7 8 |  8.0
Evocations     | 1 2 3 4 5 |  5.3
Invocations    | 1 4 6 |  6.8

Action                   |  1- 3 |  4- 6 |  7- 9 | 10-12 || total
-------------------------+-------+-------+-------+-------++-------
Melee: War axe           |   147 |   143 |   308 |   315 ||   913
       Headbutt          |    25 |    26 |    79 |    69 ||   199
Invok: Lesser Servant of |       |       |       |     3 ||     3
Evoke: Wand              |       |       |    13 |     8 ||    21
  Use: Scroll            |       |       |     1 |    12 ||    13
 Stab: Distracted        |       |       |       |     1 ||     1
  Eat: Chunk             |     4 |     5 |    14 |     8 ||    31
       Ration            |       |       |       |     2 ||     2
Armor: Scale mail        |    40 |     4 |       |       ||    44
       Chain mail        |       |    57 |    95 |       ||   152
       Plate armour      |       |       |    14 |   153 ||   167
Dodge: Dodged            |    45 |    23 |    76 |    81 ||   225
Block: Shield            |    64 |    55 |   138 |   151 ||   408
